AoeStats
← [BOG]#Der Benzinpreisvergleicher

Arabia

510395882Analyzed
2v2 RM · 17h ago on Sep 30, 2026· 33m 34s· 4 players
Game mode
Random Map
Map size
Medium (4 player)
Population
200
Speed
Normal
Resources
Standard
Victory
Conquest
Starting age
Dark Age
Ending age
Imperial Age
RankedLock teamsTeams togetherTeam positionsShared explorationLock speedFull tech treeHidden civsTurbo modeCheats
Victory
Defeat
🇹🇷 Teutons · Türkiye
817
+15
🇹🇷 Tupi · Türkiye
799
+16
🇩🇪 Mongols · Germany
829
-17
756
-18
Hopser
6:16 Loom
9:06 Feudal Age
10:12 Double-Bit Axe
10:15 Horse Collar
20:18 Man-at-Arms
32:20 Castle Age
31:54 Wheelbarrow
32:43 Pikeman
[BOG]#Der Benzinpreisvergleicher
4:41 Loom
12:51 Feudal Age
17:38 Castle Age
17:29 Gold Mining
20:03 Wheelbarrow
23:14 Imperial Age
20:45 Stone Mining
22:32 Stone Shaft Mining
26:44 Hand Cart
26:31 Double-Bit Axe
26:35 Town Watch
27:51 Conscription
29:38 Town Patrol
30:20 Bow Saw
31:13 Circumnavigation
30:40 Elite Organ Gun
32:02 Ballistics
32:54 Chemistry
34:30 Two-Man Saw
Usman
13:10 Feudal Age
14:52 Double-Bit Axe
14:47 Horse Collar
16:16 Stone Mining
16:18 Gold Mining
23:30 Castle Age
25:25 Wheelbarrow
25:25 Bow Saw
27:31 Heavy Plow
29:04 Ballistics
29:13 Squires
28:33 Pikeman
29:54 Fletching
30:04 Padded Archer Armor
36:35 Imperial Age
fizyooGO
10:07 Feudal Age
15:13 Loom
16:58 Fletching
21:24 Padded Archer Armor
21:55 Double-Bit Axe
25:45 Castle Age
24:31 Horse Collar
25:04 Scale Barding Armor
26:01 Forging
26:10 Bloodlines
28:36 Bow Saw
30:23 Chain Barding Armor
32:07 Bodkin Arrow
Connection lost

Rejoining the realm…

Still unreachable

The connection could not be restored.

Session expired

The server has moved on; the page needs a fresh start.